 Dungeon Crawl Stone Soup version 0.30-a0-390-g80c34de65d (webtiles) character file.

Game seed: 15571087676995618804

135 Conn the Firebug (level 5, -1/31 HPs)
             Began as an Octopode Fire Elementalist on Dec 4, 2022.
             Frozen to death by an endoplasm (3 damage)
             ... on level 3 of the Dungeon.
             The game lasted 00:06:23 (2354 turns).

Conn the Firebug (Octopode Fire Elementalist)       Turns: 2354, Time: 00:06:24

Health: -1/31      AC:  8    Str: 11    XL:     5   Next: 18%
Magic:  1/9        EV: 13    Int: 20    God:
Gold:   103        SH:  5    Dex: 12    Spells: 4/10 levels left

rFire   . . .      SeeInvis .    a - +1 rapier of Absolution {protect, Str+4}
rCold   . . .      Faith    .    (no shield)
rNeg    . . .      Spirit   .    (helmet restricted)
rPois   .          Reflect  +    f - amulet of reflection
rElec   .          Harm     .    j - ring of flight
rCorr   .          Rampage  .    (no ring)
Will    .....                    (no ring)
Stlth   +++.......               (no ring)
HPRegen 0.25/turn                (no ring)
MPRegen 0.11/turn                (no ring)
                                 (no ring)
                                 (no ring)

@: under a protective aura, flying
A: almost no armour, amphibious, 8 rings, camouflage 1, gelatinous body 1,
(nimble swimmer 1), tentacles
a: no special abilities


You were on level 3 of the Dungeon.
You visited 1 branch of the dungeon, and saw 3 of its levels.

You collected 103 gold pieces.

Inventory:

Hand Weapons
 a - the +1 rapier of Absolution (weapon) {protect, Str+4}
   (You found it on level 2 of the Dungeon)

   It grants its wielder temporary protection when it strikes (+7 to AC).
   Str:       It affects your strength (+4).
 e - a +0 dagger
Magical Staves
 b - a staff of conjuration
Jewellery
 f - an amulet of reflection (around mantle)
 j - a ring of flight (left tentacle)
Wands
 o - a wand of digging (6)
Scrolls
 c - a scroll of amnesia {unknown}
 h - 4 scrolls of identify {unknown}
 i - 2 scrolls of poison {unknown}
 m - a scroll of brand weapon {unknown}
 n - a scroll of enchant armour {unknown}
Potions
 d - a potion of flight
 g - a potion of magic
 k - a potion of degeneration {unknown}
 l - 2 potions of attraction


   Skills:
 + Level 0.1 Fighting
 + Level 0.1 Short Blades
 + Level 0.2 Staves
 + Level 2.2 Dodging
 + Level 3.6 Stealth
 + Level 3.1 Spellcasting
 + Level 1.9 Conjurations
 + Level 4.0 Fire Magic


You had 4 spell levels left.
You knew the following spells:

 Your Spells              Type           Power      Damage    Failure   Level
a - Foxfire               Conj/Fire      60%        2x1d7     4%          1
b - Kindle Blastsparks    Fire/Tloc/Air  16%        2d11      24%         3
e - Scorch                Fire           38%        2d6       4%          2

Your spell library contained the following spells:

 Spells                   Type           Power      Damage    Failure   Level
 Inner Flame              Hex/Fire       11%        N/A       19%         3
 Flame Wave               Conj/Fire      15%        2d7       38%         4
 Cause Fear               Hex            1%         N/A       80%         4
 Discord                  Hex            1%         N/A       100%        8


Dungeon Overview and Level Annotations

Branches:
Dungeon (3/15)

Altars:

Annotations:
D:2 Sigmund


Innate Abilities, Weirdness & Mutations

You cannot wear most types of armour.
You are amphibious.
You can wear up to eight rings at the same time.
Your skin changes colour to match your surroundings (Stealth+).
Your rubbery body absorbs attacks. (AC +1, EV +1)
((You are camouflaged when in or above water. (Stealth+)))
You have tentacles for arms and can constrict up to eight enemies at once.


Message History

You are frozen.
Unknown command.
You hit the endoplasm but do no damage.
You squeeze the endoplasm, but do no damage.
The foxfire hits the orc.
The orc is lightly wounded.
The foxfire hits the endoplasm.
The endoplasm is lightly wounded.
The endoplasm completely misses you.
Okay, then.
You feel stronger.
The +1 rapier of Absolution {protect, Str+4} hums with potential!
a - the +1 rapier of Absolution (weapon)
{protect, Str+4} The endoplasm hits you.
The orc barely misses you.
Unknown command.
You hit the orc but do no damage.
Your weapon exudes an aura of protection.
You grab the orc.
The orc is lightly wounded.
You constrict the orc. The endoplasm freezes you.
You are frozen.
The orc barely misses you.
You hit the orc.
You kill the orc!
The endoplasm freezes you.
You are frozen.
* * * LOW HITPOINT WARNING * * *
Unknown command.
You hit the endoplasm. You squeeze the endoplasm.
The endoplasm is severely wounded.
The endoplasm closely misses you.
You hit the endoplasm but do no damage.
You squeeze the endoplasm, but do no damage.
The endoplasm is severely wounded.
The endoplasm freezes you.
You are frozen.
* * * LOW HITPOINT WARNING * * *
The endoplasm freezes you.
You are frozen.
You die...

#..............#...........#.
#.####..#.#.#..#...#####.....
#.# #.........#...#####.....
#.# #..#....................
#.# #..#......##...####.##..
#.####.......................
#.........................†..
######..#..)...##............
#.....J@..####.########.
#..##.########.#
#......o.)..##.#
#...........##.#
#...............
##..............
#########.... .... ...


You could see an endoplasm.

Vanquished Creatures
  An orc priest (D:3)
  An orc wizard (D:3)
  3 adders (D:2)
  A dart slug (D:1)
  2 orcs (D:3)
  4 ball pythons
  4 endoplasms
  A giant cockroach (D:1)
  5 hobgoblins
  3 quokkas
  6 bats
  2 frilled lizards
  5 goblins
  7 kobolds
  7 rats
52 creatures vanquished.

Vanquished Creatures (others)
  158 foxfires
  2 plants (D:1)
160 creatures vanquished.

Grand Total: 212 creatures vanquished

Notes
Turn   | Place    | Note
-------+----------+-------------------------------------------
     0 | D:1      | Conn the Octopode Fire Elementalist began the quest for the
                  | Orb.
     0 | D:1      | Reached XP level 1. HP: 11/11 MP: 3/3
   152 | D:1      | Reached XP level 2. HP: 17/17 MP: 1/5
   159 | D:1      | Learned a level 2 spell: Scorch
   844 | D:1      | Found a faded altar of an unknown god.
   867 | D:1      | Reached XP level 3. HP: 21/21 MP: 0/6
  1057 | D:1      | Learned a level 3 spell: Kindle Blastsparks
  1228 | D:2      | Noticed Sigmund
  1269 | D:3      | Reached XP level 4. HP: 5/27 MP: 2/7
  1340 | D:2      | Identified the +1 rapier of Absolution {protect, Str+4}
  1356 | D:2      | Reached skill level 4 in Fire Magic
  2348 | D:3      | Reached XP level 5. HP: 15/31 MP: 1/9
  2354 | D:3      | Frozen to death by an endoplasm

Illustrated notes

Levels and vault maps discovered:
D:1:      dpeg_arrival_shrine, layout_basic,
          shapermc_ecumenical_altar_mp_urbaneastern, grunt_decor_junction
D:2:      layout_loops_ring, hangedman_decor_diamond_cutter,
          kennysheep_generic_room_11, uniq_sigmund
D:3:      layout_basic

Skill      XL: |  1  2  3  4 |
---------------+-------------+-----
Stealth        | 3 |  3.6
Fire Magic     | 4 |  4.0
Spellcasting   | 3 |  3.1
Fighting       | |  0.1
Short Blades   | |  0.1
Staves         | |  0.2
Dodging        | |  2.2
Conjurations   | |  1.9

Action                   |  1- 3 |  4- 6 || total
-------------------------+-------+-------++-------
Melee: Dagger            |     1 |       ||     1
       Staff             |     8 |     3 ||    11
       Tentacles         |     3 |     6 ||     9
       Constrict         |     2 |     4 ||     6
       Rapier            |       |    15 ||    15
 Cast: Foxfire           |    44 |    53 ||    97
       Scorch            |     2 |     1 ||     3
  Use: Potion            |       |     5 ||     5
 Stab: Sleeping          |       |     1 ||     1
Armor: Skin              |       |     4 ||     4
Dodge: Dodged            |     9 |    15 ||    24
Block: Other             |     1 |     6 ||     7

Table legend: (Time is in decaauts)
 A = Elapsed time spent in this place.
 B = Non-inter-level travel time spent in this place.
 C = Inter-level travel time spent in this place.
 D = Time resting spent in this place.
 E = Time spent auto-exploring this place.
 F = Levels seen in this place.
 G = Mean time per level.
                   A        B        C        D        E       F      G
               +--------+--------+--------+--------+--------+-----+--------+
         Total |   2355 |   2338 |     17 |     43 |   1781 |   3 |  785.0 |
       Dungeon |   2355 |   2338 |     17 |     43 |   1781 |   3 |  785.0 |
               +--------+--------+--------+--------+--------+-----+--------+

Top non-repeatable levels by time:
     D:1: 1074 daAuts
     D:2: 1007 daAuts
     D:3: 273 daAuts
